 Dungeon Crawl Stone Soup version 0.30-a0-57-g8b159a9891 (webtiles) character file.

Game seed: 17986504341394534211

1881 Decritt the Fighter (level 9, -2/59 HPs)
             Began as a Gargoyle Fighter on Sept 11, 2022.
             Was an Initiate of Ru.
             Slain by a killer bee (7 damage)
             ... on level 5 of the Dungeon.
             The game lasted 00:17:11 (7935 turns).

Decritt the Fighter (Gargoyle Fighter)              Turns: 7935, Time: 00:17:11

Health: -2/59      AC: 17    Str: 23    XL:     9   Next: 14%
Magic:  9/9        EV: 11    Int: 10    God:    Ru [......]
Gold:   501        SH:  4    Dex:  9    Spells: 8/8 levels left

rFire   + . .      SeeInvis +    t - +1 club (spect)
rCold   . . .      Faith    .    c - +0 buckler
rNeg    + . .      Spirit   .    k - +1 ring mail {rF+}
rPois   ∞          Reflect  .    A - +1 helmet
rElec   +          Harm     .    (no cloak)
rCorr   .          Rampage  .    i - +0 pair of gloves
Will    .....                    (no boots)
Stlth   ..........               (no amulet)
HPRegen 0.19/turn                y - ring of see invisible
MPRegen 0.11/turn                (no ring)

@: no status effects
A: sickness immunity, AC +6, negative energy resistance 1, electricity
resistance, torment resistance 1, petrification resistance
a: Renounce Religion


You were on level 5 of the Dungeon.
You worshipped Ru.
Ru was noncommittal.
You visited 2 branches of the dungeon, and saw 8 of its levels.

You collected 501 gold pieces.

Inventory:

Hand Weapons
 a - a +0 flail
 e - a +1 sling of freezing
 q - a +0 whip of draining
 t - a +1 spectral club (weapon)
Missiles
 B - 18 poisoned darts (quivered)
 E - 2 silver javelins
Armour
 b - a +0 scale mail
 c - a +0 buckler (worn)
 i - a +0 pair of gloves (worn)
 k - a +1 ring mail of fire resistance (worn)
 o - a +0 helmet
 A - a +1 helmet (worn)
Jewellery
 w - a ring of fire
 y - a ring of see invisible (left hand)
Wands
 h - a wand of polymorph (11)
 C - a wand of flame (47)
Scrolls
 f - 3 scrolls of poison
 m - 2 scrolls of magic mapping
 p - a scroll of immolation
 D - 2 scrolls of teleportation
Potions
 d - a potion of might
 j - 3 potions of resistance
 n - 2 potions of flight
 r - a potion of invisibility {unknown}
 s - a potion of ambrosia
 u - a potion of attraction {unknown}
 x - 2 potions of haste


   Skills:
 * Level 8.0 Fighting
 * Level 7.0 Maces & Flails
 + Level 6.0 Armour
 + Level 2.3 Dodging
 - Level 5.0 Shields


You had 8 spell levels left.
You didn't know any spells.
Your spell library contained the following spells:

 Spells                   Type           Power      Damage    Failure   Level
 Ensorcelled Hibernation  Hex/Ice        0%         N/A       73%         2
 Static Discharge         Conj/Air       0%         3-3/arc   73%         2
 Confusing Touch          Hex            0%         N/A       91%         3
 Inner Flame              Hex/Fire       0%         N/A       91%         3
 Spider Form              Tmut/Pois      0%         N/A       91%         3
 Anguish                  Hex/Necr       0%         N/A       100%        4
 Animate Dead             Necr           0%         N/A       100%        4
 Cause Fear               Hex            0%         N/A       100%        4
 Borgnjor's Vile Clutch   Necr/Erth      0%         N/A       100%        5
 Lightning Bolt           Conj/Air       0%         1d11      100%        5
 Yara's Violent Unravell  Hex/Tmut       0%         3d3       100%        5
 Death Channel            Necr           0%         N/A       100%        6
 Enfeeble                 Hex            0%         N/A       100%        7
 Discord                  Hex            0%         N/A       100%        8
 Maxwell's Capacitive Co  Air            0%         ∞         100%        8


Dungeon Overview and Level Annotations

Branches:
Dungeon (7/15)             Temple (1/1) D:4

Altars:
Dithmenos
Elyvilon
Fedhas
Gozag
Hepliaklqana
Kikubaaqudgha
Makhleb
Okawaru
Qazlal
Ru
Sif Muna
Trog
Uskayaw
Vehumet
Wu Jian
Zin
The Shining One

Shops:
D:1 ?

Annotations:
D:3 2 transporters, kaisn's ghost, amateur OpCj


Innate Abilities, Weirdness & Mutations

You are immune to sickness and miasma.
Your stone body is resilient. (AC +6)
You are immune to poison.
You resist negative energy. (rN+)
You are resistant to electric shocks. (rElec)
You are resistant to unholy torment.
You are immune to petrification.


Message History

Your +1 spectral club misses the killer bee.
The killer bee stings you but does no damage.
The killer bee stings you.
* * * LOW HITPOINT WARNING * * *
The killer bee barely misses you. The killer bee closely misses you.
There are monsters nearby!
You barely miss the killer bee.
Your +1 spectral club hits the killer bee!
The killer bee stings you but does no damage.
You block the killer bee's attack. The killer bee barely misses you.
The killer bee stings you.
* * * LOW HITPOINT WARNING * * *
You hit the killer bee but do no damage.
The killer bee is heavily wounded.
Your +1 spectral club hits the killer bee.
The killer bee closely misses your +1 spectral club.
The killer bee stings you.
* * * LOW HITPOINT WARNING * * *
The killer bee stings your +1 spectral club!
Your spectral weapon shares its damage with you!
* * * LOW HITPOINT WARNING * * *
The killer bee stings you but does no damage.
You feel better. The killer bee completely misses you.
The killer bee stings you but does no damage. x2
The killer bee closely misses you.
You barely miss the killer bee.
The killer bee is severely wounded.
Your +1 spectral club closely misses the killer bee.
The killer bee stings you but does no damage.
The killer bee stings you.
* * * LOW HITPOINT WARNING * * *
The killer bee completely misses you. You block the killer bee's attack.
You miss the killer bee.
The killer bee is severely wounded.
Your +1 spectral club hits the killer bee.
The killer bee barely misses your +1 spectral club.
The killer bee stings you but does no damage.
The killer bee stings your +1 spectral club but does no damage.
The killer bee stings you!
You die...

#........#..#.......#.
#........#..#.......#'
#........#..#..(....#.
#........#..#.......#.
#........#..#.......'.
#........'..'.......#.
#....§...#..#.......#.
#....§...#..#.......#.
#...y@y..#..#.......##
#....(...#..#.......#.
#........#..#.......#.
#........#..#.......#.
#........#..#.......#.
#####....#..#.......#.
#....#..#.......#.
#....#..#.......##
#####....#..#.......'.


You could see 2 killer bees and a friendly +1 spectral club (summoned).

Vanquished Creatures
  Grinder (D:3)
  Sigmund (D:6)
  Eustachio (D:4)
  3 phantoms
  2 kobold brigands
  A necrophage (D:5)
  3 scorpions
  2 howler monkeys
  4 hounds
  2 jellies
  3 orc priests
  Natasha (thrice) (D:4)
  3 iguanas
  An orc wizard (D:5)
  Robin (D:3)
  A gnoll (D:2)
  8 adders
  2 shadow imps
  A white imp (D:6)
  4 worms (D:2)
  4 dart slugs
  12 orcs
  7 ball pythons
  2 bats (D:3)
  7 endoplasms
  2 giant cockroaches
  17 goblins
  9 hobgoblins
  8 jackals
  25 kobolds
  7 quokkas
  3 frilled lizards
  7 rats
  A spectral goblin (D:2)
158 creatures vanquished.

Notes
Turn   | Place    | Note
-------+----------+-------------------------------------------
     0 | D:1      | Decritt the Gargoyle Fighter began the quest for the Orb.
     0 | D:1      | Reached XP level 1. HP: 14/14 MP: 1/1
   260 | D:1      | Reached XP level 2. HP: 19/19 MP: 2/2
   312 | D:1      | Found Ytumov's Magic Scroll Shoppe.
   923 | D:2      | Reached XP level 3. HP: 10/24 MP: 3/3
  1104 | D:2      | Reached skill level 4 in Fighting
  1215 | D:2      | Reached XP level 4. HP: 29/29 MP: 4/4
  1346 | D:2      | Found a faded altar of an unknown god.
  1442 | D:3      | HP: 1/29 [quokka (2)]
  2314 | D:2      | Reached XP level 5. HP: 31/34 MP: 5/5
  3014 | D:3      | Found a transporter.
  3014 | D:3      | Noticed kaisn's ghost (amateur OpCj)
  3017 | D:3      | Noticed Grinder
  3030 | D:3      | Paralysed by Grinder for 2 turns
  3038 | D:3      | Killed Grinder
  3039 | D:3      | Reached skill level 5 in Fighting
  3039 | D:3      | Reached XP level 6. HP: 7/40 MP: 6/6
  3295 | D:3      | Found a transporter.
  4013 | D:3      | Noticed Robin
  4061 | D:3      | Killed Robin
  4848 | D:4      | Reached XP level 7. HP: 39/44 MP: 7/7
  5028 | D:4      | Noticed Natasha
  5036 | D:4      | Killed Natasha
  5079 | D:4      | Found a staircase to the Ecumenical Temple.
  5102 | Temple   | Entered the Ecumenical Temple
  5236 | D:4      | Noticed Natasha
  5244 | D:4      | Killed Natasha
  5311 | D:4      | Noticed Eustachio
  5338 | D:4      | Killed Eustachio
  5339 | D:4      | Reached skill level 6 in Fighting
  5339 | D:4      | Reached skill level 5 in Maces & Flails
  5368 | D:4      | Found a sacrificial altar of Ru.
  5476 | D:4      | Became a worshipper of Ru the Awakened
  5646 | D:4      | Noticed Natasha
  5656 | D:4      | Killed Natasha
  5839 | D:4      | Reached skill level 5 in Armour
  5839 | D:4      | Reached skill level 5 in Shields
  6011 | D:5      | Entered Level 5 of the Dungeon
  6048 | D:5      | Found a shadowy altar of Dithmenos.
  6164 | D:5      | Reached XP level 8. HP: 49/52 MP: 8/8
  6530 | D:5      | Reached skill level 1 in Dodging
  6670 | D:5      | Reached skill level 7 in Fighting
  7222 | D:6      | Noticed Sigmund
  7240 | D:6      | Killed Sigmund
  7349 | D:6      | Found an ornate altar of the Wu Jian Council.
  7369 | D:6      | Reached XP level 9. HP: 55/58 MP: 9/9
  7441 | D:6      | Found a burning altar of Makhleb.
  7856 | D:7      | Reached skill level 8 in Fighting
  7915 | D:7      | Noticed a komodo dragon
  7932 | D:5      | HP: 1/59 [killer bee (4)]
  7935 | D:5      | Slain by a killer bee

Illustrated notes

Levels and vault maps discovered:
D:1:      erik_arrival_orb_chamber, layout_loops_ring, serial_shops,
          shop_fountains, minivault_25
D:2:      minmay_chambers_of_twos, layout_rooms,
          dreamdust_ecumenical_altar_drowned_temple, minmay_nonomino_d4
D:3:      layout_basic, gammafunk_ghost_arena, uniq_robin, uniq_grinder
D:4:      layout_loops_ring, lemuel_doored_altar,
          minmay_temple_entry_water_ring, uniq_natasha, uniq_eustachio
D:5:      layout_gridville, grunt_dithmenos_smoke_and_mirrors,
          minmay_misc_feat_four_crosses
D:6:      layout_cave_pools, kennysheep_little_box, lemuel_round_altar,
          uniq_sigmund
D:7:      layout_cave_pools, mainiacjoe_overflow_big_doors, uniq_duvessa
Temple:   nicolae_temple_bog_church

Skill      XL: |  1  2  3  4  5  6  7  8  9 |
---------------+----------------------------+-----
Fighting       | 4 5 6 7 8 |  8.0
Maces & Flails | 3 4 5 6 7 |  7.0
Armour         | 4 5 6 |  6.0
Shields        | 4 5 |  5.0
Dodging        | 2 |  2.3

Action                   |  1- 3 |  4- 6 |  7- 9 || total
-------------------------+-------+-------+-------++-------
Melee: Flail             |    15 |   150 |       ||   165
       Whip              |       |    60 |       ||    60
       Club              |       |    11 |   204 ||   215
 Fire: Sling             |    75 |    49 |       ||   124
Throw: Dart              |       |       |    82 ||    82
       Javelin           |       |       |     6 ||     6
Invok: Reject Sacrifices |       |       |     1 ||     1
  Use: Scroll            |       |       |    14 ||    14
       Potion            |       |       |     2 ||     2
 Stab: Distracted        |       |       |     2 ||     2
Armor: Scale mail        |    46 |   168 |       ||   214
       Ring mail         |       |    40 |   104 ||   144
Dodge: Dodged            |    29 |   168 |   126 ||   323
Block: Buckler           |    15 |    98 |    37 ||   150

Table legend: (Time is in decaauts)
 A = Elapsed time spent in this place.
 B = Non-inter-level travel time spent in this place.
 C = Inter-level travel time spent in this place.
 D = Time resting spent in this place.
 E = Time spent auto-exploring this place.
 F = Levels seen in this place.
 G = Mean time per level.
                   A        B        C        D        E       F      G
               +--------+--------+--------+--------+--------+-----+--------+
         Total |   8088 |   7822 |    266 |   1617 |   4813 |   8 | 1011.0 |
       Dungeon |   7953 |   7688 |    265 |   1617 |   4692 |   7 | 1136.1 |
        Temple |    134 |    133 |      1 |      0 |    121 |   1 |  134.0 |
               +--------+--------+--------+--------+--------+-----+--------+

Top non-repeatable levels by time:
     D:3: 2145 daAuts
     D:2: 1899 daAuts
     D:5: 1181 daAuts
     D:4: 1064 daAuts
     D:1: 908 daAuts
     D:6: 613 daAuts
     D:7: 139 daAuts
  Temple: 134 daAuts
